 Dungeon Crawl Stone Soup version 0.18-a0-1628-g61c6396 (webtiles) character file.

208 Arkorax the Skirmisher (level 5, -5/59 HPs)
             Began as an Ogre Monk on Mar 25, 2016.
             Slain by an iguana (12 damage)
             ... on level 4 of the Dungeon.
             The game lasted 00:04:36 (3466 turns).

Arkorax the Skirmisher (Ogre Monk)                  Turns: 3466, Time: 00:04:37

Health: -5/59      AC:  3    Str: 16    XL:     5   Next: 86%
Magic:  5/5        EV: 10    Int:  9    God:
Gold:   215        SH:  0    Dex: 13    Spells: 0 memorised, 4 levels left

rFire  + . .     SeeInvis .       - Unarmed
rCold  . . .     Gourm    .     a - +0 robe
rNeg   . . .     Faith    .     (no shield)
rPois  .         Spirit   .     (helmet restricted)
rElec  .         Dismiss  .     (no cloak)
rCorr  .         Reflect  .     (gloves unavailable)
SustAt .         Harm     .     (boots unavailable)
MR     .....                    (no amulet)
Stlth  ++........               (no ring)
                                n - ring of protection from fire

@: not resistant to hostile enchantments, unstealthy
A: unfitting armour, tough skin 1
a: no special abilities


You were on level 4 of the Dungeon.
You were not hungry.

You visited 1 branch of the dungeon, and saw 4 of its levels.

You collected 215 gold pieces.

Inventory:

Hand Weapons
 m - a +1 mace of venom
Armour
 a - a +0 robe (worn)
Jewellery
 n - a ring of protection from fire (left hand)
Scrolls
 c - 2 scrolls of identify {unknown}
 e - 5 scrolls of teleportation {unknown}
 f - a scroll of amnesia {unknown}
 g - 3 scrolls of remove curse {unknown}
 i - a scroll of immolation {unknown}
 j - a scroll of fog {unknown}
 k - a scroll of recharging {unknown}
 p - 2 scrolls of enchant armour {unknown}
 r - a scroll of random uselessness {unknown}
Potions
 h - a potion of curing
 o - a potion of mutation {unknown}
 q - a potion of invisibility {unknown}
 t - a potion of cancellation {unknown}
Comestibles
 b - 4 bread rations
 l - 2 beef jerkies
 s - 3 chunks of flesh


   Skills:
 + Level 5.9 Fighting
 - Level 2.6 Dodging
 - Level 1.5 Stealth
 * Level 5.4 Unarmed Combat


You had 4 spell levels left.
You didn't know any spells.

Dungeon Overview and Level Annotations

Branches:
Dungeon (4/15)
 Temple: D:4-7

Altars:
Makhleb
Okawaru
Trog

Annotations:
D:2 Sigmund


Innate Abilities, Weirdness & Mutations

You are too large for most types of armour.
You have tough skin (AC +1).


Message History

Unknown command.
The iguana hisses menacingly.
There is a stone staircase leading down here.
Drink which item? (? for menu, Esc to quit)
You feel much better. The iguana bites you!
* * * LOW HITPOINT WARNING * * *
You hit the iguana.
The iguana is severely wounded.
The iguana bites you!
* * * LOW HITPOINT WARNING * * *
You hit the iguana but do no damage.
The iguana is severely wounded.
The iguana barely misses you.
You barely miss the iguana.
The iguana is severely wounded.
The iguana barely misses you.
You hit the iguana.
The iguana is almost dead.
The iguana bites you!
You die...

# #....#.....#
##.#.# #
#....#.....#
#...##### #
#....#.....#
##......# #
#....'.#.###
#.>....# #
#....###.#####
#......# #####'###
#.....# #......#
....#.# #####.#
#......# ###.#.#
#.#########......#
#...#
#(@lZ............#
#####
##########.......#
##.#'#####
#..#.....#
#.######.#
#....###.#
####.....# #######


You could see an iguana and a howler monkey skeleton.

Vanquished Creatures
  Natasha (D:2)
  Terence (D:2)
  Robin (D:3)
  6 adders
  A worm (D:3)
  2 dart slugs
  2 giant geckos
  10 bats
  4 giant cockroaches
  14 goblins
  13 hobgoblins
  6 jackals (D:3)
  2 quokkas (D:3)
  2 ball pythons
  A giant gecko skeleton (D:4)
  8 giant newts
  4 kobolds
  4 rats
82 creatures vanquished.

Notes
Turn   | Place    | Note
--------------------------------------------------------------
     0 | D:1      | Arkorax the Ogre Monk began the quest for the Orb.
     0 | D:1      | Reached XP level 1. HP: 24/24 MP: 1/1
   208 | D:1      | Reached XP level 2. HP: 32/32 MP: 2/2
   982 | D:1      | Reached XP level 3. HP: 35/40 MP: 3/3
  1385 | D:2      | Noticed Terence
  1404 | D:2      | Killed Terence
  1404 | D:2      | Reached XP level 4. HP: 44/49 MP: 4/4
  1425 | D:2      | Reached skill level 5 in Fighting
  1608 | D:2      | Noticed Natasha
  1612 | D:2      | Found an iron altar of Okawaru.
  1637 | D:2      | Killed Natasha
  1710 | D:2      | Noticed Sigmund
  2049 | D:3      | Reached XP level 5. HP: 44/57 MP: 5/5
  2191 | D:3      | Reached skill level 5 in Unarmed Combat
  2683 | D:3      | Found a bloodstained altar of Trog.
  2829 | D:3      | Noticed Robin
  2870 | D:3      | Killed Robin
  3032 | D:3      | Found a burning altar of Makhleb.
  3466 | D:4      | Slain by an iguana

Vault maps used:
D:1:      dpeg_arrival_chase
D:2:      lemuel_round_altar, uniq_sigmund, uniq_terence, uniq_natasha
D:3:      nicolae_overflow_crystal_walls, old_standard_altar, moated_statue,
          uniq_robin

Skill      XL: |  1  2  3  4  5 |
---------------+----------------+-----
Unarmed Combat | 4 5 |  5.4
Fighting       | 5 |  5.9
Dodging        | |  2.6
Stealth        | |  1.5

Action                   |  1- 3 |  4- 6 || total
-------------------------+-------+-------++-------
Melee: Unarmed           |   110 |   192 ||   302
  Use: Potion            |     3 |     3 ||     6
 Stab: Sleeping          |     4 |     2 ||     6
  Eat: Chunk             |     2 |     2 ||     4
       Bread ration      |       |     1 ||     1
